 Dungeon Crawl Stone Soup version 0.32-a0-779-g362cfcae2a (webtiles) character file.

Game seed: 14588322209508108202

32 PriceMaster the Grave Robber (level 3, -2/24 HPs)
             Began as a Demonspawn Necromancer on Mar 20, 2024.
             Slain by a goblin
             ... wielding a +0 club
             ... led by Robin
              (6 damage)
             ... on level 2 of the Dungeon.
             The game lasted 00:01:36 (1067 turns).

PriceMaster the Grave Robber (DsNe)                 Turns: 1067, Time: 00:01:36

Health: -2/24      AC:  6    Str: 11    XL:     3   Next: 10%
Magic:  4/6        EV: 10    Int: 15    God:
Gold:   53         SH:  0    Dex: 15    Spells: 5/6 levels left

rFire   . . .        l - +0 whip
rCold   . . .        (no shield)
rNeg    . . .        m - +0 leather armour
rPois   .            (no helmet)
rElec   .            (no cloak)
rCorr   .            k - +2 pair of gloves {Str+3}
SInv    .            (no boots)
Will    .....        (no amulet)
Stlth   ++           (no ring)
HPRegen 0.24/turn    (no ring)
MPRegen 0.10/turn

%: no passive effects
@: no status effects
A: foul stench 2
a: no special abilities


You were on level 2 of the Dungeon.
You visited 1 branch of the dungeon, and saw 2 of its levels.

You collected 53 gold pieces.

Inventory:

Hand Weapons
 l - a +0 whip (weapon)
Armour
 a - a +0 robe
 k - a +2 pair of gloves of strength (worn)
 m - a +0 leather armour (worn)
Wands
 j - a wand of roots (11)
Scrolls
 c - 2 scrolls of enchant weapon {unknown}
 g - a scroll of noise {unknown}
 h - a scroll of poison {unknown}
Potions
 d - a potion of curing {unknown}
 e - a potion of heal wounds {unknown}
 f - a potion of mutation {unknown}
 i - 2 potions of haste {unknown}


   Skills:
 + Level 0.2 Fighting
 + Level 1.8 Dodging
 + Level 1.8 Stealth
 + Level 2.3 Spellcasting
 + Level 5.1 Necromancy


You had 5 spell levels left.
You knew the following spells:

 Your Spells              Type           Power      Damage    Failure   Level
a - Necrotise             Necr           68%        1d7       3%          1

Your spell library contained the following spells:

 Spells                   Type           Power      Damage    Failure   Level
 Vampiric Draining        Necr           17%        2d7       10%         3
 Animate Dead             Necr           17%        N/A       32%         4
 Curse of Agony           Necr           17%        N/A       67%         5


Dungeon Overview and Level Annotations

Branches:
Dungeon (2/15)

Altars:

Annotations:
D:2 Robin


Innate Abilities, Weirdness & Mutations

You sometimes emit foul miasma when damaged in melee.


Message History

Confirm with . or Enter, or press ? or * to list all spells.
Aiming: Necrotise (safe; 3% risk of failure)
Press: ? - help, Shift-Dir - straight line, f - goblin
Aim: a goblin, wielding a +0 club (heavily wounded, ally target, chance to affect: 87%)
The goblin writhes in agony.
You kill the goblin!
The dead are walking!
Your hobgoblin skeleton closely misses the goblin.
The hobgoblin closely misses you.
The jackal is engulfed in dark miasma.
The jackal is poisoned.
You kill the jackal!
The goblin hits your goblin skeleton with a +0 club.
Your goblin skeleton is destroyed!
The goblin hits you but does no damage. The goblin closely misses you.
Robin throws the goblin at you!
A jackal comes into view.
Casting: Necrotise (safe; 3% risk of failure)
Confirm with . or Enter, or press ? or * to list all spells.
Aiming: Necrotise (safe; 3% risk of failure)
Press: ? - help, Shift-Dir - straight line, f - goblin
Aim: a goblin, wielding a +0 club (chance to affect: 87%)
The goblin barely resists.
The hobgoblin closely misses you.
Your hobgoblin skeleton barely misses the goblin.
The goblin hits you but does no damage.
Robin roars a battlecry!
The goblins go into a battle-frenzy!
The goblin hits you but does no damage. x2
Casting: Necrotise (safe; 3% risk of failure)
Confirm with . or Enter, or press ? or * to list all spells.
Aiming: Necrotise (safe; 3% risk of failure)
Press: ? - help, Shift-Dir - straight line, f/p - goblin
Aim: a goblin, wielding a +0 club (strong, chance to affect: 87%)
The goblin writhes in agony.
You kill the goblin!
The dead are walking!
Your goblin skeleton closely misses the goblin.
The hobgoblin hits you.
* * * LOW HITPOINT WARNING * * *
The goblin hits you with a +0 club.
You die... ....# ....# ....######## . ........... .. .......#.. gg.

##.....#.#######.# g.h.
##.....#...<.....# .....
.........#.##########.g....
##.....#.......Z@ggg)......
####.##.##...Zgg☼hh.......
#....##....Z.g...######
#...###.#.######## ###.#
#.#.# #######.#
#...######### .....##.#
###.........## .....##.
#.##.......#
.....##.#####'#...####.#


You could see Robin, 2 jackals, a hobgoblin (strong), 5 goblins, 2 friendly
goblin skeletons and a friendly hobgoblin skeleton.

Vanquished Creatures
  2 dart slugs
  A giant cockroach (D:1)
  6 hobgoblins
  A jackal (D:2)
  3 ball pythons
  A bat (D:2)
  2 frilled lizards
  5 goblins
  4 rats (D:1)
25 creatures vanquished.

Vanquished Creatures (collateral kills)
  2 kobolds (D:2)
  A quokka (D:2)
  A frilled lizard (D:1)
4 creatures vanquished.

Grand Total: 29 creatures vanquished

Notes
Turn   | Place    | Note
-------+----------+-------------------------------------------
     0 | D:1      | PriceMaster the Demonspawn Necromancer began the quest for
                  | the Orb.
     0 | D:1      | Reached XP level 1. HP: 13/13 MP: 3/3
   250 | D:1      | Gained mutation: You may rarely emit foul miasma when
                  | damaged in melee. [demonic ancestry]
   250 | D:1      | Reached XP level 2. HP: 19/19 MP: 3/5
   926 | D:2      | Reached skill level 5 in Necromancy
  1055 | D:2      | Noticed Robin
  1060 | D:2      | Gained mutation: You sometimes emit foul miasma when
                  | damaged in melee. [demonic ancestry]
  1060 | D:2      | Reached XP level 3. HP: 24/24 MP: 2/6
  1067 | D:2      | Slain by a goblin

Illustrated notes

Levels and vault maps discovered:
D:1:      dreamdust_arrival_beginning_and_end, layout_basic
D:2:      layout_basic, hellmonk_ecumenical_altar_blasted, eino_tiny_chamber,
          uniq_robin

Skill      XL: |  1  2 |
---------------+-------+-----
Necromancy     | 5 |  5.1
Fighting       | |  0.2
Dodging        | |  1.8
Stealth        | |  1.8
Spellcasting   | |  2.3

Action                     || total
---------------------------++-------
  Melee: Whip              ||     8
   Cast: Necrotise         ||    33
    Use: Potion            ||     1
 Armour: Robe              ||     2
         Leather armour    ||    17
  Dodge: Dodged            ||    12

Table legend: (Time is in decaauts)
 A = Elapsed time spent in this place.
 B = Non-inter-level travel time spent in this place.
 C = Inter-level travel time spent in this place.
 D = Time resting spent in this place.
 E = Time spent auto-exploring this place.
 F = Levels seen in this place.
 G = Mean time per level.
                   A        B        C        D        E       F      G
               +--------+--------+--------+--------+--------+-----+--------+
         Total |   1067 |   1058 |      9 |      0 |    921 |   2 |  533.5 |
       Dungeon |   1067 |   1058 |      9 |      0 |    921 |   2 |  533.5 |
               +--------+--------+--------+--------+--------+-----+--------+

Top non-repeatable levels by time:
     D:1: 898 daAuts
     D:2: 169 daAuts
